[Event "Oceania Zonal Women 2023"]
[Site "Melbourne"]
[Date "2023.01.26"]
[Round "5.1"]
[White "Punsalan, Vyanla M"]
[Black "Ryjanova, Julia"]
[Result "0-1"]
[ECO "B33"]
[WhiteElo "1989"]
[BlackElo "2288"]
[Annotator "TA"]
[PlyCount "128"]
[EventDate "2023.01.09"]
[EventType "swiss"]
[EventCountry "AUS"]
[SourceTitle "playchess.com"]
[Source "ChessBase"]
[SourceQuality "1"]
[TimeControl "5400+30"]

1. e4 c5 2. Nf3 Nc6 3. d4 cxd4 4. Nxd4 Qb6 5. Nb3 e6 6. Be3 Qc7 7. a3 Nf6 8. Nc3 a6 {[%emt 0:00:24] B33: Sicilian: Pelikan and Sveshnikov Variations.} 9. f3 (9. f4 $5 ) 9... b5 10. Be2 (10. f4 $5 ) 10... b4 {[%emt 0:20:13] The position is equal.} 11. axb4 Bxb4 12. O-O d5 {[%emt 0:07:45] [#]} 13. Nb5 $146 (13. exd5 $16 exd5 14. Nxd5 Nxd5 15. Qxd5) ({Predecessor:} 13. exd5 Bxc3 14. d6 Qd8 15. bxc3 Nd5 16. Bc5 Nxc3 17. Qd2 Nxe2+ 18. Qxe2 Qd7 19. Rfd1 {1-0 Spieker,M-Buchenthal,D (2255) Ruhrgebiet VL2 9798 1997}) 13... Qb8 $11 14. c3 Be7 15. N5d4 Nxd4 16. Bxd4 dxe4 (16... e5 $5 17. Bf2 dxe4 $11) 17. Na5 $1 Qc7 {[%emt 0:06:55] Inhibits Nc6.} 18. fxe4 e5 $1 19. Be3 O-O 20. Kh1 Be6 21. Qa4 Rfc8 22. Rfc1 h6 23. Qc2 Qb8 24. Ra4 Nd7 25. b4 (25. Rb1 $11) 25... Nb6 $1 $17 26. Bxb6 Qxb6 27. Qb2 ({White should play} 27. Rb1) 27... Qe3 {[%emt 0:01:07] Black is more active.} 28. b5 $2 (28. Raa1 $17) 28... axb5 {[%emt 0:00:49] White is weak on the dark squares} 29. Bxb5 Rab8 30. Raa1 Qxe4 31. Re1 Qf5 (31... Qh4 $19 32. Qe2 Bg5) 32. Rf1 $2 (32. Qe2 $17 {is tougher.}) 32... Qg5 (32... Qh5 $142 {...e4 is the strong threat.} 33. c4 e4) 33. Qe2 (33. c4 {is the only way for White.}) 33... Bd5 $2 (33... Rxc3 $2 34. Nc6 Re8 35. Qxe5 Qxe5 36. Nxe5 $19) (33... Bg4 $19 {and Black stays clearly on top.} 34. Qb2 e4) 34. c4 {[%emt 0:00:13] [#]} (34. Bc4 $17 e4 35. Rad1 Bxc4 36. Nxc4) 34... Ba8 $1 $19 35. Rad1 Bb4 36. Nb3 Rd8 37. Rxd8+ Rxd8 (37... Qxd8 38. Qxe5 Bd6 39. Qh5 $17) 38. c5 Bd5 39. Bc4 e4 40. c6 Qe5 {[%emt 0:00:43] Dodges Nd4} (40... Bxc6 $142 41. Bxf7+ Kh8) 41. Rd1 (41. Bxd5 $142 Qxd5 42. Qa6) 41... Kh7 $2 (41... Bd6 $1 $19 {[%csl Gd6][%cal Re5h2] has better winning chances.} 42. g3 Bxc6) 42. c7 $2 Bxc4 (42... Qxc7 43. Rxd5 (43. Bxd5 f5 $16) 43... Re8 44. Rb5 $18) 43. cxd8=Q Bxe2 {[%emt 0:00:08] A strong pair of Bishops.} 44. Qd4 {[%emt 0:00:27] [#]} Qe6 (44... Bc3 45. Qxe5 Bxe5 46. Re1 $11) (44... Qf4 $1 $19 45. Rc1 Bd6) 45. Rb1 $2 (45. Ra1 $11 {and White stays safe.} Bd6 46. Nc5 Bxc5 47. Qxc5) 45... Bd3 46. Rb2 (46. Qxb4 Bxb1 47. Nc5) 46... Ba3 47. Nc5 Qf5 (47... Bxc5 $19 48. Qxc5 e3) 48. Nxd3 $11 Qf1+ ({Don't take} 48... exd3 49. Rf2 Qb5 50. Rd2 $16) ({But not} 48... Bxb2 49. Nxb2 Qf1+ 50. Qg1 $16) 49. Qg1 Qxd3 {[%emt 0:00:07][%mdl 4096] Endgame KQR-KQB} 50. Rb1 Bc5 {[%emt 0:00:19][%mdl 64] Deflection} 51. Qf1 Qxf1+ 52. Rxf1 {[%emt 0:00:03] KR-KB} e3 53. Re1 (53. Rf5 $11 Bd6 54. Kg1) 53... Kg6 $17 54. g3 $2 (54. Kg1 $17) 54... Kf5 $19 {[%emt 0:00:10] And now ...Ke4 would win.} 55. Kg2 Ke4 {[%emt 0:00:10] White must now prevent ...Bb4.} 56. Re2 Bb4 {[%emt 0:00:19] Threatens to win with ...f5.} 57. Rb2 Bc3 58. Rb7 e2 {[%emt 0:00:59] Black mates.} 59. Re7+ Kd3 60. Kf2 e1=Q+ ({Weaker is} 60... e1=B+ 61. Kf3 $17) 61. Rxe1 Bxe1+ 62. Kxe1 Ke3 63. Kf1 Kf3 64. Kg1 f5 {[%emt 0:00:45] Weighted Error Value: White=0.93/Black=0.63} 0-1

[Event "Oceania Zonal Women 2023"]
[Site "Melbourne"]
[Date "2023.01.26"]
[Round "5.2"]
[White "Vincent Alaina"]
[Black "O'Carroll, Om"]
[Result "0-1"]
[ECO "D12"]
[WhiteElo "1897"]
[BlackElo "1525"]
[Annotator "NA COMBH"]
[PlyCount "144"]
[EventDate "2023.01.09"]
[EventType "swiss"]
[EventCountry "AUS"]
[SourceTitle "playchess.com"]
[Source "ChessBase"]
[SourceQuality "1"]
[TimeControl "5400+30"]

1. d4 d5 2. c4 c6 3. e3 Nf6 4. Nf3 Bf5 5. Bd3 Bxd3 6. Qxd3 e6 7. O-O Be7 8. Nbd2 O-O 9. a3 Nbd7 10. c5 Qc7 11. b4 b6 12. Bb2 bxc5 13. dxc5 a5 14. Nb3 axb4 15. axb4 Rfb8 16. Qd4 Bf8 17. h3 Ne4 18. Nbd2 Nxd2 19. Qxd2 Be7 20. Rfb1 Qb7 21. Bc3 Bf6 22. Bxf6 Nxf6 23. Ne5 Ne4 24. Qc2 f6 25. Nd3 Qb5 26. f3 Ng5 27. h4 Nf7 28. Nf4 Rxa1 29. Rxa1 Qxb4 30. Nxe6 Qxh4 31. Nd4 Ne5 32. Qf5 Re8 33. Nxc6 g6 34. Qb1 Nxc6 35. Qb5 Re6 36. Qb7 Ne7 37. c6 Rxe3 38. c7 Re1+ 39. Rxe1 Qxe1+ 40. Kh2 Qh4+ 41. Kg1 Qe1+ 42. Kh2 Qc3 43. Qb8+ Kg7 44. Qd8 Kf7 45. Kg1 d4 46. Qd7 d3 47. c8=Q Qxc8 48. Qxd3 Qe6 49. Qc2 Nd5 50. Qa2 Ne3 51. Qa7+ Qe7 52. Qa2+ Kg7 53. Kh1 g5 54. Kh2 h5 55. Kh1 Nf5 56. Qc2 Qe1+ 57. Kh2 Qg3+ 58. Kh1 Ne3 59. Qd2 Qxg2+ 60. Qxg2 Nxg2 61. Kxg2 Kg6 62. Kg3 Kf5 63. Kg2 Kf4 64. Kf2 g4 65. fxg4 hxg4 66. Kg2 g3 67. Kg1 Kf3 68. Kf1 g2+ 69. Kg1 f5 70. Kh2 Kf2 71. Kh3 g1=Q 72. Kh4 Qg4# 0-1

[Event "Oceania Zonal Women 2023"]
[Site "Melbourne"]
[Date "2023.01.26"]
[Round "5.3"]
[White "Zeng, Vera"]
[Black "Middleton, Jody"]
[Result "0-1"]
[ECO "D14"]
[WhiteElo "1527"]
[BlackElo "1748"]
[Annotator "NA COMBH"]
[PlyCount "132"]
[EventDate "2023.01.09"]
[EventType "swiss"]
[EventCountry "AUS"]
[SourceTitle "playchess.com"]
[Source "ChessBase"]
[SourceQuality "1"]
[TimeControl "5400+30"]

1. d4 d5 2. c4 c6 3. cxd5 cxd5 4. Nc3 Nf6 5. Nf3 Nc6 6. Bf4 Bf5 7. Rc1 e6 8. e3 Bd6 9. Bg3 Ne4 10. Nxe4 Bxe4 11. a3 Bxg3 12. hxg3 O-O 13. Bd3 Qa5+ 14. Rc3 h6 15. O-O a6 16. Bxe4 dxe4 17. Nd2 e5 18. Nxe4 exd4 19. exd4 Qd5 20. Re1 Rad8 21. Rc5 Qxd4 22. Qxd4 Rxd4 23. Rcc1 Na5 24. Nc5 Nc4 25. Nxb7 Nxb2 26. Rc6 Ra4 27. Nc5 Rc4 28. Re5 Nd3 29. Nxd3 Rxc6 30. Ra5 Rd8 31. Nb4 Rc1+ 32. Kh2 Rdd1 33. g4 Rh1+ 34. Kg3 Rc3+ 35. f3 g6 36. Nd5 Rc2 37. Rxa6 Rg1 38. Nf4 g5 39. Kh2 Rf1 40. Nd5 Rxf3 41. Rxh6 Rff2 42. Ne3 Rce2 43. Rh3 Ra2 44. Rg3 Rxa3 45. Nf5 Rxg3 46. Kxg3 Ra2 47. Kh3 Kh7 48. Nd6 Kg6 49. Nf5 Kf6 50. Nh6 Rf2 51. Kg3 Rf1 52. Ng8+ Ke5 53. Nh6 Ke4 54. Kh2 Rf6 55. Ng8 Ra6 56. Kh3 Re6 57. Kh2 Ke5 58. Kg3 Kd6 59. Kh3 Rg6 60. Kg3 Rxg8 61. Kf3 Ke5 62. Kg3 Ra8 63. Kh3 Kf4 64. Kh2 Kxg4 65. Kg1 Kg3 66. Kh1 Ra1# 0-1

[Event "Oceania Zonal Women 2023"]
[Site "Melbourne"]
[Date "2023.01.26"]
[Round "5.4"]
[White "Fan, Chloe"]
[Black "Lu, Lillian"]
[Result "1/2-1/2"]
[ECO "C02"]
[WhiteElo "1554"]
[BlackElo "1689"]
[Annotator "NA COMBH"]
[PlyCount "84"]
[EventDate "2023.01.09"]
[EventType "swiss"]
[EventCountry "AUS"]
[SourceTitle "playchess.com"]
[Source "ChessBase"]
[SourceQuality "1"]
[TimeControl "5400+30"]

1. e4 e6 2. d4 d5 3. e5 c5 4. c3 Nc6 5. Nf3 Qb6 6. a3 c4 7. Nbd2 Na5 8. b4 cxb3 9. Bb2 Bd7 10. c4 Nxc4 11. Nxc4 dxc4 12. Bxc4 Ne7 13. Nd2 Bc6 14. O-O Nf5 15. Qxb3 Rd8 16. Qxb6 axb6 17. Nf3 Be7 18. Rfd1 g5 19. Kf1 g4 20. Ng1 Rg8 21. a4 Bb4 22. Ne2 h5 23. Ng3 Nxg3+ 24. fxg3 Ke7 25. Ba3 Bxa3 26. Rxa3 Ra8 27. Rb1 Rgd8 28. Bb5 Bxb5+ 29. Rxb5 Rxd4 30. Rxb6 Rdxa4 31. Rxb7+ Kf8 32. Rb8+ Rxb8 33. Rxa4 Rb5 34. Re4 Kg7 35. h3 Kh6 36. hxg4 hxg4 37. Rxg4 Rxe5 38. Kf2 Rg5 39. Re4 Kh5 40. Kf3 Rf5+ 41. Ke3 Rg5 42. Kf3 Rf5+ 1/2-1/2

[Event "Oceania Zonal Women 2023"]
[Site "Melbourne"]
[Date "2023.01.26"]
[Round "5.5"]
[White "Xu, Luna Yuexiu"]
[Black "Szuveges, Narelle"]
[Result "1/2-1/2"]
[ECO "B19"]
[WhiteElo "1446"]
[BlackElo "1566"]
[Annotator "NA COMBH"]
[PlyCount "62"]
[EventDate "2023.01.09"]
[EventType "swiss"]
[EventCountry "AUS"]
[SourceTitle "playchess.com"]
[Source "ChessBase"]
[SourceQuality "1"]
[TimeControl "5400+30"]

1. e4 c6 2. d4 d5 3. Nc3 dxe4 4. Nxe4 Bf5 5. Ng3 Bg6 6. h4 h6 7. Nf3 Nd7 8. h5 Bh7 9. Bd3 Bxd3 10. Qxd3 e6 11. Bd2 Ngf6 12. O-O-O Bd6 13. Ne4 Nxe4 14. Qxe4 Nf6 15. Qe2 Qc7 16. Kb1 O-O-O 17. Be3 Kb8 18. c4 c5 19. dxc5 Bxc5 20. Bxc5 Qxc5 21. Ne5 Qc7 22. f4 Rc8 23. g4 Rhd8 24. Rxd8 Rxd8 25. Rd1 Rxd1+ 26. Qxd1 a6 27. Qe2 Ne8 28. b3 f6 29. Ng6 Qd6 30. Kb2 Nc7 31. Kb1 a5 1/2-1/2

[Event "Oceania Zonal Women 2023"]
[Site "Melbourne"]
[Date "2023.01.26"]
[Round "5.6"]
[White "Zhang, Jilin"]
[Black "Maunders, Myiesha"]
[Result "1-0"]
[ECO "B13"]
[WhiteElo "2212"]
[BlackElo "1498"]
[Annotator "TA"]
[PlyCount "136"]
[EventDate "2023.01.09"]
[EventType "swiss"]
[EventCountry "AUS"]
[SourceTitle "playchess.com"]
[Source "ChessBase"]
[SourceQuality "1"]
[TimeControl "5400+30"]

1. e4 c6 2. d4 d5 3. exd5 cxd5 4. Bd3 Nc6 5. c3 Nf6 6. h3 Qc7 7. Nf3 g6 8. Qc2 {[%emt 0:00:17] B13: Caro-Kann: Exchange Variation and Panov-Botvinnik Attack.} Bg7 9. O-O O-O 10. Nbd2 {[%emt 0:03:19] White is slightly better.} Nh5 11. Nb3 Nf4 12. Bxf4 Qxf4 {[%emt 0:00:04] [#]} 13. Qc1 $146 ({Predecessor:} 13. Qd2 Qf6 14. Qe3 Bf5 15. Bxf5 Qxf5 16. Nc5 b6 17. Nd3 Rac8 18. Rae1 Rc7 19. Nfe5 {½-½ Yarosh,R (2019)-Nechaeva,M (2431) Chigorin Memorial 25th 2017 (1)}) 13... Bh6 14. Qxf4 (14. Bb5 {is interesting.} Nd8 15. Re1 a6 16. Bf1) 14... Bxf4 15. Rfe1 Bd6 16. Ne5 f6 17. Ng4 (17. Nxc6 $142 bxc6 18. Na5) 17... a6 18. a4 (18. Ne3 $5 ) 18... e5 19. dxe5 fxe5 20. Rad1 {[%emt 0:01:41][%cal Od3e4] Threatens to win with Be4!} Be6 21. Bc2 Rad8 22. Nc1 (22. Ne3 $5 ) 22... e4 23. Ne3 Rfe8 $2 {[%emt 0:10:53] Loses the game.} (23... Bb8 $11) 24. Nxd5 $18 Bh2+ (24... Bxd5 $142 25. Rxd5 Kf7 26. Bxe4 (26. Rxe4 Bh2+ {[%mdl 64] Discovered Attack} 27. Kxh2 Rxd5 $18) 26... Rxe4 27. Rxe4 Bh2+ {[%mdl 64] Discovered Attack} 28. Kxh2 Rxd5) 25. Kxh2 Bxd5 {[%emt 0:00:06] [#]} 26. Rxd5 $1 Rxd5 27. Bb3 $1 ({Worse is} 27. Rxe4 Rxe4 28. Bxe4 Rd2 $11) 27... Red8 28. Rxe4 Kg7 29. Bxd5 Rxd5 {[%emt 0:00:03][%mdl 4096] Endgame KRN-KRN} 30. Ne2 Rd2 31. b4 Ra2 32. b5 axb5 33. axb5 Na5 34. Kg3 Rb2 35. Nd4 Rd2 36. Re7+ Kf6 37. Re6+ Kf7 {[%emt 0:00:43][%cal Od2d4] Strongly threatening ...Rxd4!} 38. Re2 Rd3+ 39. Re3 Rd1 40. Nf3 Rb1 (40... Kf6 $142 41. Kf4 Rf1) 41. Ng5+ Kg8 42. h4 {[%emt 0:02:19] Re8+ is the strong threat.} Rxb5 (42... h6 $142) 43. Re8+ Kg7 44. Re7+ Kg8 45. Nxh7 ({Weaker is} 45. Rxh7 Rxg5+ 46. hxg5 Kxh7 $15) 45... Rb3 46. Nf6+ Kf8 47. Re3 Nc4 48. Nd7+ Kf7 49. Rf3+ Ke7 50. Nc5 Rb5 51. Ne4 Rb6 52. Ng5 Nd6 53. Re3+ Kd7 54. Rd3 Ke7 55. Kg4 Rb5 56. Re3+ Kd7 57. Nf3 Nf7 58. Nd4 Rd5 59. f4 Nd6 (59... Nh6+ $142 60. Kf3 Rh5) 60. Re5 Rxe5 61. fxe5 {[%emt 0:00:01] KN-KN} Ne4 62. Ne2 Ke6 63. Kf4 Nc5 64. Nd4+ Kd5 {[%emt 0:00:08] [#]} 65. e6 $1 {[%emt 0:00:12] White wants to mate with e7.} Nxe6+ (65... Nd3+ 66. Ke3) 66. Nxe6 {[%emt 0:00:10] White mates.} Kxe6 67. Kg5 Kf7 68. h5 Ke8 {[%emt 0:01:19] Weighted Error Value: White=0.13 (very precise) /Black=0.24 (precise)} 1-0